 Dungeon Crawl Stone Soup version 0.22.1-2-g9c5b331 (webtiles) character file.

10460 Lidrolic the Spear-Bearer (level 11, -5/84 HPs)
             Began as a Human Fighter on Dec 10, 2018.
             Was an Initiate of Gozag.
             Slain by a sun demon (17 damage)
             ... summoned by an orc sorcerer
             ... on level 1 of the Orcish Mines.
             The game lasted 00:50:25 (11247 turns).

Lidrolic the Spear-Bearer (Human Fighter)          Turns: 11247, Time: 00:50:26

Health: -5/84      AC: 24    Str: 20    XL:     11   Next: 93%
Magic:  11/11      EV:  7    Int:  9    God:    Gozag
Gold:   1687       SH: 18    Dex: 17    Spells: 10/10 levels left

rFire    . . .     SeeInvis .   s - +8 trident "Zeneh" {distort, Str+2}
rCold    . . .     Gourm    .   c - +2 shield
rNeg     . . .     Faith    .   I - +0 plate armour
rPois    .         Spirit   .   l - +0 helmet
rElec    .         Reflect  +   n - +2 cloak
rCorr    .         Harm     .   C - +2 pair of gloves {Dex+3}
MR       .....                  (no boots)
Stlth    ..........             p - +4 amulet of reflection
HPRegen  0.24/turn              D - ring of stealth
MPRegen  0.12/turn              E - +4 ring of protection

@: gold aura, drained
A: no striking features
a: Potion Petition, Call Merchant, Bribe Branch, Renounce Religion


You were on level 1 of the Orcish Mines.
You worshipped Gozag.
Gozag was most pleased with you.
You were not hungry.

You visited 3 branches of the dungeon, and saw 14 of its levels.

You collected 1814 gold pieces.
You spent 54 gold pieces at shops.
You paid 73 gold pieces to Gozag.

Inventory:

Hand Weapons
 a - a +2 war axe
 r - a +0 shortbow
 s - the +8 trident "Zeneh" (weapon) {distort, Str+2}
   (You found it on level 4 of the Dungeon)

   It warps and distorts space around it.
   Unwielding it can cause banishment or high damage.
   It affects your strength (+2).
 v - a +0 hand crossbow
Missiles
 e - 36 poisoned needles
 j - 223 arrows
 k - 60 bolts
 w - a throwing net (quivered)
 G - 4 javelins
Armour
 c - a +2 shield (worn)
 l - a +0 helmet (worn)
 n - a +2 cloak (worn)
 C - a +2 pair of gloves of dexterity (worn)
 I - a +0 plate armour (worn)
Jewellery
 p - a +4 amulet of reflection (around neck)
 q - an uncursed ring of attention
 D - a ring of stealth (left hand)
 E - a +4 ring of protection (right hand)
Wands
 A - a wand of paralysis (9)
 H - a wand of digging (13)
Scrolls
 b - a scroll of random uselessness
 g - 2 scrolls of identify
 m - 8 scrolls of teleportation
 t - 2 scrolls of remove curse
 x - 3 scrolls of amnesia
 y - a scroll of magic mapping
 z - a scroll of blinking
Potions
 d - 4 potions of might
 h - 2 potions of curing
 i - 3 potions of flight
 o - 3 potions of degeneration
 u - a potion of invisibility
 B - a potion of agility
 F - 2 potions of magic
 J - a potion of heal wounds {unknown}
Comestibles
 f - 13 rations


   Skills:
 + Level 7.6(7.1) Fighting
 + Level 7.2(8.9) Axes
 + Level 9.4(9.9) Polearms
 + Level 0.6(0.1) Throwing
 + Level 7.3(6.7) Armour
 + Level 4.6(4.2) Dodging
 + Level 1.2(0.7) Stealth
 + Level 9.0(8.5) Shields


You had 10 spell levels left.
You didn't know any spells.
Your spell library contained the following spells:

 Spells                   Type           Power        Failure   Level  Hunger
 Magic Dart               Conj           #...         100%        1    ##.....
 Summon Small Mammal      Summ           #...         100%        1    ##.....
 Passwall                 Tmut/Erth      #.......     100%        2    ###....
 Searing Ray              Conj           #.....       100%        2    ###....
 Sticks to Snakes         Tmut           #.......     100%        2    ###....
 Dazzling Spray           Conj/Hex       #.....       100%        3    ####...
 Force Lance              Conj/Tloc      #.......     100%        4    #####..
 Fulminant Prism          Conj/Hex       #.........   100%        4    #####..
 Iskenderun's Mystic Bla  Conj           #.......     100%        4    #####..
 Alistair's Intoxication  Tmut/Pois      #.......     100%        5    ######.
 Bolt of Magma            Conj/Fire/Erth #.........   100%        5    ######.
 Irradiate                Conj/Tmut      #.........   100%        5    ######.
 Iskenderun's Battlesphe  Conj/Chrm      #.......     100%        5    ######.
 Summon Demon             Summ           #.........   100%        5    ######.
 Venom Bolt               Conj/Pois      #.........   100%        5    ######.
 Iron Shot                Conj/Erth      #.........   100%        6    #######
 Orb of Destruction       Conj           #.........   100%        7    #######
 Spellforged Servitor     Conj/Summ      #.........   100%        7    #######


Dungeon Overview and Level Annotations

Branches:
Dungeon (12/15)            Temple (1/1) D:5            Lair (0/6) D:8
    Orc (1/2) D:10

Altars:
Ashenzari
Cheibriados
Dithmenos
Elyvilon
Fedhas
Gozag
Hepliaklqana
Kikubaaqudgha
Makhleb
Nemelex Xobeh
Okawaru
Ru
Sif Muna
Trog
Uskayaw
Vehumet
Wu Jian
Xom
Yredelemnul
The Shining One

Shops:
D:5 *


Message History

You block the orc wizard's attack. The orange demon barely misses you.
The orc wizard hits you but does no damage.
You see here 21 gold pieces.
The orc wizard points at you and mumbles some strange words.
The puff of frost reflects off an invisible shield around you!
The puff of frost misses the orc wizard.
The puff of frost hits the orc sorcerer.
The orc sorcerer casts a spell.
The orc wizard casts a spell at you.
The puff of frost reflects off an invisible shield around you!
The puff of frost hits the orc wizard.
The orc sorcerer gestures wildly while chanting.
The sun demon hits you!
You are engulfed in flames!
* * * LOW HITPOINT WARNING * * *
There is a staircase back to the Dungeon, spattered with blood here.
The sun demon hits you!
* * * LOW HITPOINT WARNING * * *
You are engulfed in flames!
You die...
Your body crumbles into a pile of gold.

##.....# #......#
.. #...$.## ...
###....##$>.
######..$..#....
#....###.o......
##....##.o.....#
#.#......#4......#
#......@3#....#...
.....#...4..###..$
$ ... ###..### #.
. #.......#
#..........
............
......#......
#.............
..$............


You could see a sun demon and an orange demon.

Vanquished Creatures
  Harold (D:8)
  Erica (D:8)
  Pikel (D:9)
  A gargoyle (D:10)
  A troll (Orc:1)
  A hornet (D:7)
  A hippogriff (D:9)
  Sigmund (D:4)
  10 yaks
  Eustachio (D:6)
  Grum (D:8)
  2 hungry ghosts
  Menkaure (D:5)
  An eye of draining (D:9)
  5 ice beasts
  3 slaves (D:9)
  A black bear (D:8)
  3 orc warriors
  4 sky beasts
  A phantom (D:8)
  2 wolves (D:8)
  4 ogres
  2 centaurs
  A big kobold (D:9)
  Blork the orc (D:5)
  4 bullfrogs
  3 scorpions
  9 killer bees
  A howler monkey (D:6)
  4 crimson imps
  9 jellies
  A quasit (D:10)
  A bullfrog zombie (D:7)
  6 hounds
  13 orc wizards
  A bullfrog skeleton (D:7)
  An orc priest (D:3)
  3 iguanas
  3 worker ants
  A hound zombie (D:7)
  2 hound skeletons (D:5)
  8 gnolls
  8 adders
  2 shadow imps
  7 oozes
  An adder skeleton (D:5)
  3 worms
  3 dart slugs
  4 leopard geckos
  48 orcs
  3 ball pythons
  13 bats
  5 giant cockroaches
  8 goblins
  12 hobgoblins
  5 jackals
  20 kobolds
  2 frilled lizards (D:2)
  A leopard gecko skeleton (D:5)
  A leopard gecko zombie (D:6)
  5 rats
272 creatures vanquished.

Vanquished Creatures (others)
  2 gargoyles
  A yak (D:10)
  A water moccasin (D:8)
  A slave (D:9)
  A sky beast (D:6)
  A phantom (D:8)
  2 centaurs
  A big kobold (D:8)
  A crimson imp (D:7)
  A bullfrog zombie (D:10)
  A centaur zombie (D:6)
  A gnoll (D:7)
  2 orcs
  A hobgoblin (D:6)
  A plant (D:6)
18 creatures vanquished.

Grand Total: 290 creatures vanquished

Notes
Turn   | Place    | Note
-------+----------+-------------------------------------------
     0 | D:1      | Lidrolic the Human Fighter began the quest for the Orb.
     0 | D:1      | Reached XP level 1. HP: 18/18 MP: 1/1
   142 | D:1      | Reached XP level 2. HP: 24/24 MP: 2/2
   649 | D:1      | Reached XP level 3. HP: 29/29 MP: 3/3
   823 | D:2      | Reached XP level 4. HP: 31/35 MP: 4/4
  1576 | D:2      | Reached XP level 5. HP: 38/41 MP: 5/5
  1721 | D:3      | Found a burning altar of Makhleb.
  1818 | D:3      | Reached XP level 6. HP: 38/47 MP: 6/6
  2073 | D:3      | Found a sparkling altar of Nemelex Xobeh.
  2208 | D:3      | Reached skill level 1 in Dodging
  2656 | D:4      | Found a bloodstained altar of Trog.
  2852 | D:4      | Got a shimmering trident
  2862 | D:4      | Reached XP level 7. HP: 52/53 MP: 7/7
  2902 | D:5      | Entered Level 5 of the Dungeon
  2937 | D:4      | Reached skill level 5 in Axes
  3159 | D:5      | Noticed Blork the orc
  3188 | D:4      | Noticed Sigmund
  3232 | D:4      | Killed Sigmund
  3696 | D:4      | Found a deep blue altar of Sif Muna.
  3772 | D:5      | Killed Blork the orc
  3772 | D:5      | Reached XP level 8. HP: 22/60 MP: 8/8
  3796 | D:5      | Reached skill level 5 in Shields
  4340 | D:5      | Found a staircase to the Ecumenical Temple.
  4367 | Temple   | Entered the Ecumenical Temple
  4377 | Temple   | Became a worshipper of Gozag Ym Sagoz the Greedy
  5151 | D:5      | Noticed Menkaure
  5164 | D:5      | Killed Menkaure
  5167 | D:5      | Found a sacrificial altar of Ru.
  5175 | D:5      | Found Weifyrol's Assorted Antiques.
  5185 | D:5      | Bought a scroll labeled HAHYKI JOHEFAO for 27 gold pieces
  5185 | D:5      | Bought a scroll labeled HAHYKI JOHEFAO for 27 gold pieces
  5202 | D:5      | Identified the +8 trident "Zeneh" {distort, Str+2} (You
                  | found it on level 4 of the Dungeon)
  5327 | D:5      | Found a radiant altar of Vehumet.
  5705 | D:6      | Found a shattered altar of Ashenzari.
  5723 | D:6      | Reached XP level 9. HP: 66/66 MP: 9/9
  5809 | D:6      | Noticed Eustachio
  5827 | D:6      | Reached skill level 5 in Fighting
  5907 | D:6      | Killed Eustachio
  5907 | D:6      | Reached skill level 1 in Polearms
  6168 | D:7      | Noticed a hornet
  6176 | D:7      | Noticed a gargoyle
  6177 | D:7      | Banished a gargoyle
  6526 | D:6      | Reached skill level 5 in Armour
  6936 | D:7      | Killed a hornet
  7052 | D:8      | Found a staircase to the Lair.
  7248 | D:7      | Reached XP level 10. HP: 74/74 MP: 10/10
  7613 | D:8      | Reached skill level 5 in Polearms
  7659 | D:8      | Noticed Grum
  7669 | D:8      | Killed Grum
  7854 | D:8      | Found a white marble altar of Elyvilon.
  8376 | D:9      | Noticed a gargoyle
  8396 | D:9      | Banished a gargoyle
  8432 | D:8      | Noticed Erica
  8489 | D:8      | Killed Erica
  8600 | D:8      | Noticed Harold
  8652 | D:8      | Killed Harold
  8652 | D:8      | Reached XP level 11. HP: 5/83 MP: 11/11
  9539 | D:9      | Identified Sif Muna's Almanac of Supportive Transmutation
  9590 | D:9      | Noticed Pikel
  9632 | D:9      | Killed Pikel
  9849 | D:10     | Entered Level 10 of the Dungeon
 10051 | D:9      | Found a snail-covered altar of Cheibriados.
 10653 | D:10     | Reached skill level 1 in Stealth
 11192 | D:10     | Found a staircase to the Orcish Mines.
 11212 | Orc:1    | Entered Level 1 of the Orcish Mines
 11225 | Orc:1    | Noticed an orc sorcerer
 11241 | Orc:1    | Noticed a sun demon
 11247 | Orc:1    | Slain by a sun demon

Skill      XL: |  1  2  3  4  5  6  7  8  9 10 11 |
---------------+----------------------------------+-----
Axes           | 3 4 5 7 |  7.2
Shields        | 4 5 6 7 9 |  9.0
Dodging        | 1 2 3 4 |  4.6
Armour         | 4 5 6 7 |  7.3
Fighting       | 4 5 6 7 |  7.6
Polearms       | 4 7 9 |  9.4
Stealth        | 1 |  1.2
Throwing       | |  0.6

Action                   |  1- 3 |  4- 6 |  7- 9 | 10-12 || total
-------------------------+-------+-------+-------+-------++-------
Melee: War axe           |    85 |   234 |   168 |       ||   487
       Trident           |       |       |   160 |   361 ||   521
Throw: Throwing net      |       |       |     1 |     3 ||     4
  Use: Scroll            |     2 |     5 |    13 |     4 ||    24
       Potion            |       |       |       |     3 ||     3
 Stab: Distracted        |       |       |       |     2 ||     2
  Eat: Chunk             |       |     3 |       |       ||     3
       Ration            |       |     2 |     4 |     4 ||    10
Armor: Scale mail        |    64 |   136 |   158 |    45 ||   403
       Plate armour      |       |       |       |    77 ||    77
Dodge: Dodged            |    52 |    70 |    80 |    83 ||   285
Block: Shield            |   104 |   173 |   296 |   333 ||   906
       Reflection        |       |     1 |    21 |    19 ||    41
